 Dungeon Crawl Stone Soup version 0.25-a0-316-gd28d56f9c5 (webtiles) character file.

Game seed: 15821489817150252873, levelgen mode: deterministic

2119 bmfx the Thaumaturge (level 9, 0/67 HPs)
             Began as a Deep Elf Wizard on Dec 24, 2019.
             Was a Believer of Vehumet.
             Slain by a bullfrog (2 damage)
             ... on level 6 of the Dungeon.
             The game lasted 00:22:32 (8764 turns).

bmfx the Thaumaturge (Deep Elf Wizard)              Turns: 8764, Time: 00:22:33

Health: 0/67       AC:  3    Str:  9    XL:     9   Next: 8%
Magic:  19/23      EV: 14    Int: 27    God:    Vehumet [**....]
Gold:   288        SH:  0    Dex: 13    Spells: 1/24 levels left

rFire    . . .     SeeInvis .   u - +0 whip (elec)
rCold    . . .     Gourm    .   (no shield)
rNeg     . . .     Faith    .   a - +0 robe
rPois    .         Spirit   .   f - +0 helmet
rElec    .         Reflect  .   (no cloak)
rCorr    .         Harm     .   (no gloves)
MR       .....                  (no boots)
Stlth    ..........             (no amulet)
HPRegen  0.21/turn              r - ring of stealth
MPRegen  0.18/turn              (no ring)

@: berserking, very quick
A: no striking features
a: Renounce Religion


You were on level 6 of the Dungeon.
You worshipped Vehumet.
Vehumet was pleased with you.
You were not hungry.

You visited 2 branches of the dungeon, and saw 8 of its levels.

You collected 288 gold pieces.

Dungeon Overview and Level Annotations

Branches:
Dungeon (7/15)             Temple (1/1) D:4

Altars:
Ashenzari
Cheibriados
Elyvilon
Fedhas
Gozag
Hepliaklqana
Kikubaaqudgha
Makhleb
Nemelex Xobeh
Okawaru
Qazlal
Ru
Sif Muna
Trog
Uskayaw
Vehumet
Wu Jian
Xom
Yredelemnul
Zin
The Shining One


   Skills:
 - Level 4.1 Dodging
 - Level 4.4 Stealth
 - Level 8.0 Spellcasting
 + Level 5.4 Conjurations
 - Level 5.0 Summonings
 - Level 2.3 Translocations
 + Level 4.8 Fire Magic
 - Level 3.2 Ice Magic
 - Level 4.0 Air Magic


You had one spell level left.
You knew the following spells:

 Your Spells              Type           Power        Failure   Level  Hunger
b - Blink                 Tloc           N/A          3%          2    None
A - Magic Dart            Conj           ####         1%          1    None
B - Call Imp              Summ           #####...     1%          2    None
C - Conjure Flame         Conj/Fire      #####...     1%          3    None
D - Mephitic Cloud        Conj/Pois/Air  ####....     4%          3    None
E - Summon Lightning Spi  Summ/Air       #####...     9%          4    ##.....
F - Call Canine Familiar  Summ           #####...     1%          3    None
G - Summon Ice Beast      Ice/Summ       ####....     10%         4    ##.....
H - Foxfire               Conj/Fire      ####         1%          1    None

Your spell library contained the following spells:

 Spells                   Type           Power        Failure   Level  Hunger
 Summon Small Mammal      Summ           ####         1%          1    None
 Summon Guardian Golem    Hex/Summ       ###.....     5%          3    None
 Slow                     Hex            ##......     8%          2    None

Action                   |  1- 3 |  4- 6 |  7- 9 || total
-------------------------+-------+-------+-------++-------
Melee: Dagger            |    11 |     7 |    48 ||    66
       Whip              |       |       |    96 ||    96
 Cast: Magic Dart        |    78 |   100 |    90 ||   268
       Call Imp          |     4 |     3 |     1 ||     8
       Mephitic Cloud    |     2 |    13 |    32 ||    47
       Conjure Flame     |     1 |     6 |     8 ||    15
       Summon Lightning  |       |       |     7 ||     7
       Call Canine Famil |       |       |     4 ||     4
       Summon Ice Beast  |       |       |    31 ||    31
       Foxfire           |       |       |     2 ||     2
Evoke: Wand              |       |       |     3 ||     3
  Use: Scroll            |       |     3 |     5 ||     8
       Potion            |       |       |     2 ||     2
 Stab: Sleeping          |     2 |     1 |     6 ||     9
       Confused          |       |     1 |     2 ||     3
  Eat: Chunk             |     2 |     6 |    16 ||    24
       Ration            |       |       |     1 ||     1
Armor: Robe              |     6 |     2 |    19 ||    27
       Skin              |       |       |     4 ||     4
Dodge: Dodged            |    25 |    29 |    77 ||   131

Skill      XL: |  1  2  3  4  5  6  7  8 |
---------------+-------------------------+-----
Spellcasting   | 5 6 8 |  8.0
Stealth        | 3 4 |  4.4
Dodging        | 3 4 |  4.1
Conjurations   | 2 5 |  5.4
Summonings     | 2 4 5 |  5.0
Translocations | 2 |  2.3
Air Magic      | 3 4 |  4.0
Ice Magic      | 3 |  3.2
Fire Magic     | 4 |  4.8

Inventory:

Hand Weapons
 u - a +0 whip of electrocution (weapon)
Missiles
 l - a throwing net (quivered) {!f}
Armour
 a - a +0 robe (worn)
 f - a +0 helmet (worn)
 A - a +0 leather armour of fire resistance
Jewellery
 e - a +3 ring of strength {unknown}
 k - an uncursed amulet of the gourmand {unknown}
 r - a ring of stealth (left hand)
 s - an uncursed ring of protection from cold {unknown}
Wands
 c - a wand of flame (15)
Scrolls
 b - a scroll of fear {unknown}
 h - a scroll of magic mapping {unknown}
 i - 3 scrolls of teleportation {@r1}
 m - a scroll of immolation {unknown}
 n - 2 scrolls of identify {@r3}
 v - a scroll of blinking {unknown}
 x - a scroll of random uselessness {unknown}
 y - a scroll of vulnerability {unknown}
 C - a scroll of remove curse {unknown}
Potions
 g - a potion of haste {@q4}
 j - 2 potions of berserk rage
 o - a potion of magic
 p - a potion of heal wounds {@q1}
 t - 2 potions of might
 w - 3 potions of curing {@q2}
 z - a potion of cancellation {unknown}
 B - a potion of brilliance {unknown}
Comestibles
 d - 6 rations

#...##....# #.##
##.....## ..#######.#
#..### ##...##
#######...### ##...##
##.## ........#...#
###..# #..#
............#
########.#####.#
....))#######
#...........##.##
###......##
#gg.....###.<#..#
##...)....### #>F.....#
##..#.#
#.....).....####@Y.....#
##...#
#..............#.......#
##).##
#......................#
#...#
#...........##.....#.###
#...#
#..........#######<..#
##..# ##........###
##..# ##.#
##..........##########
### #.................#
#..........######.#


You could see a bullfrog, 2 gnolls and a friendly ice beast.

Vanquished Creatures
  Sigmund (D:2)
  A sky beast (D:4)
  3 phantoms (D:6)
  A water moccasin skeleton (D:6)
  2 killer bees (D:4)
  A bullfrog zombie (D:4)
  2 crimson imps (D:6)
  2 hounds (D:5)
  An orc priest (D:4)
  Jessica (D:2)
  A bullfrog skeleton (D:5)
  Terence (D:2)
  An iguana (D:3)
  Natasha (thrice) (D:2)
  A worker ant (D:6)
  A hound skeleton (D:6)
  A worker ant zombie (D:5)
  Robin (D:2)
  4 gnolls (D:3)
  A howler monkey skeleton (D:4)
  7 adders
  A shadow imp (D:5)
  2 oozes
  An adder zombie (D:5)
  An adder skeleton (D:5)
  3 worms
  3 dart slugs
  7 leopard geckos
  13 orcs
  5 giant cockroaches
  16 goblins
  10 hobgoblins
  11 jackals
  3 quokkas (D:3)
  A ball python (D:5)
  6 bats
  6 frilled lizards
  8 kobolds
  2 leopard gecko skeletons
  A quokka skeleton (D:4)
  7 rats
144 creatures vanquished.

Vanquished Creatures (collateral kills)
  Edmund (D:5)
  Menkaure (D:5)
  A sky beast (D:5)
  An orc warrior (D:6)
  3 ogres
  Blork the orc (D:4)
  A bullfrog (D:6)
  A killer bee (D:4)
  A crimson imp (D:6)
  6 orc priests
  A hound (D:6)
  A bullfrog skeleton (D:6)
  3 orc wizards
  6 worker ants
  A hound skeleton (D:6)
  An adder (D:6)
  A shadow imp (D:5)
  A worm (D:4)
  6 orcs
  2 hobgoblins
  A jackal (D:4)
  2 kobolds
  A quokka (D:6)
  2 goblins (D:3)
46 creatures vanquished.

Vanquished Creatures (others)
  An orc wizard (D:5)
  4 foxfires (D:6)
5 creatures vanquished.

Grand Total: 195 creatures vanquished

Levels and vault maps discovered:
D:1:      giann_forest_graveyard, layout_basic, minmay_bisected
D:2:      layout_basic, chequers_temple_overflow_statue_of_worship,
          chequers_ecumenical_altar_simple, minmay_misc_feat_room,
          solitary_fountain, trog_hazing_becter, uniq_terence, uniq_natasha,
          uniq_jessica, uniq_sigmund, uniq_robin
D:3:      layout_rooms, nemelex_xobeh_ov_fountains_minmay, minivault_26
D:4:      layout_cave_pods, marbit_many_paths, minmay_temple_entry_junction_2,
          st_stairs_11, tso_altar, uniq_blork_the_orc
D:5:      layout_gridville, first_ration, uniq_edmund, uniq_menkaure
D:6:      layout_rooms, lemuel_coloured_pillars_altar,
          kennysheep_generic_room_15
D:7:      layout_cave_pools, serial_shops, shop
Temple:   eino_temple_rhombus


Message History

The gnoll closely misses you. The gnoll hits you with a +0 club.
You climb upwards.
There is a stone staircase leading down here.
Okay, then.
Okay, then.
Casting: Foxfire (safe; 1% risk of failure)
Confirm with . or Enter, or press ? or * to list all spells.
A chill wind blows around you. The bullfrog hits you!
The gnoll barely misses you. The bullfrog misses you.
A red film seems to cover your vision as you go berserk!
You feel yourself moving faster!
You feel mighty! The gnoll hits you with a +0 club!
* * * LOW HITPOINT WARNING * * *
The bullfrog hits you.
* * * LOW HITPOINT WARNING * * *
The gnoll hits you!
* * * LOW HITPOINT WARNING * * *
You feel a strong urge to attack something.
The bullfrog hits you.
You die...

Notes
Turn   | Place    | Note
-------+----------+-------------------------------------------
     0 | D:1      | bmfx the Deep Elf Wizard began the quest for the Orb.
     0 | D:1      | Reached XP level 1. HP: 10/10 MP: 7/7
   282 | D:1      | Reached XP level 2. HP: 15/15 MP: 7/9
   287 | D:1      | Learned a level 2 spell: Blink
   299 | D:1      | Learned a level 2 spell: Call Imp
   747 | D:1      | Reached skill level 5 in Spellcasting
  1126 | D:1      | Reached XP level 3. HP: 19/19 MP: 11/11
  1139 | D:2      | Noticed Robin
  1147 | D:1      | Learned a level 3 spell: Conjure Flame
  1151 | D:1      | Learned a level 3 spell: Mephitic Cloud
  1177 | D:2      | Found a snail-covered altar of Cheibriados.
  1177 | D:2      | Noticed Sigmund
  1620 | D:2      | Noticed Jessica
  1625 | D:2      | Killed Jessica
  1679 | D:2      | Reached XP level 4. HP: 24/24 MP: 7/13
  1768 | D:2      | Found a bloodstained altar of Trog.
  1903 | D:2      | Noticed Terence
  1914 | D:2      | Killed Terence
  1993 | D:2      | Killed Sigmund
  1993 | D:2      | Reached skill level 6 in Spellcasting
  1993 | D:2      | Reached XP level 5. HP: 28/28 MP: 5/16
  2108 | D:2      | Found a shimmering altar of Xom.
  2119 | D:2      | Found a faded altar of an unknown god.
  2136 | D:2      | Reached XP level 6. HP: 32/32 MP: 14/17
  2152 | D:2      | Noticed Natasha
  2159 | D:2      | Killed Natasha
  2159 | D:2      | Reached skill level 7 in Spellcasting
  2405 | D:2      | Killed Robin
  2780 | D:2      | Noticed Natasha
  2787 | D:2      | Killed Natasha
  2924 | D:2      | Noticed Natasha
  2932 | D:2      | Killed Natasha
  2932 | D:2      | Reached skill level 8 in Spellcasting
  3003 | D:3      | Found a sparkling altar of Nemelex Xobeh.
  3394 | D:3      | Learned a level 4 spell: Summon Lightning Spire
  3416 | D:3      | Reached XP level 7. HP: 36/36 MP: 17/20
  4023 | D:4      | Reached skill level 1 in Air Magic
  4179 | D:4      | Noticed Blork the orc
  4186 | D:4      | Killed Blork the orc
  4266 | D:4      | Learned a level 3 spell: Call Canine Familiar
  4271 | D:4      | Learned a level 4 spell: Summon Ice Beast
  4524 | D:4      | Found an iron altar of Okawaru.
  4600 | D:4      | Found a staircase to the Ecumenical Temple.
  4607 | Temple   | Entered the Ecumenical Temple
  4769 | Temple   | Became a worshipper of Vehumet
  5353 | D:4      | Reached XP level 8. HP: 41/41 MP: 17/22
  5468 | D:4      | Found a glowing golden altar of the Shining One.
  5643 | D:5      | Entered Level 5 of the Dungeon
  5675 | D:5      | Reached skill level 5 in Summonings
  5769 | D:5      | Noticed Edmund
  5789 | D:5      | Killed Edmund
  5789 | D:5      | Reached skill level 1 in Ice Magic
  5979 | D:5      | Noticed Menkaure
  5988 | D:5      | Killed Menkaure
  6216 | D:5      | Reached * piety under Vehumet
  6216 | D:5      | Offered knowledge of Foxfire by Vehumet.
  6394 | D:4      | Learned a level 1 spell: Foxfire
  6677 | D:5      | Reached skill level 1 in Fire Magic
  8069 | D:6      | Identified the cursed +0 flail of Plog {crush, +Blink rC-
                  | Str+7}
  8215 | D:6      | Found a hide-covered altar of Uskayaw.
  8221 | D:6      | Reached skill level 5 in Conjurations
  8311 | D:6      | Reached XP level 9. HP: 45/45 MP: 11/23
  8604 | D:6      | Reached ** piety under Vehumet
  8763 | D:6      | HP: 2/67 [gnoll (8)]
  8764 | D:6      | Slain by a bullfrog
